Cogmind - Beta 13 @@@ ROGUE MODE // 2024.04.14 @ 23:21:41 Player: Aaron Result: Destroyed by C-17 Slicer with Blade Saw Performance ------------- Evolutions (3) 1500 Regions Visited (5) 1000 Robots Destroyed (63) 315 Value Destroyed (1580) 1580 Prototype IDs (7) 140 Alien Tech Used (0) 0 Bonus (653) 653 TOTAL SCORE: 5188 Bonus ------- High Alert Combat Kills 153 Entered DSFs 500 Cogmind --------- Core Integrity 0/700 Matter 139/300 Energy 100/100 System Corruption 1% Temperature Cool (0) Movement Flying (35) Location -7/DSF Parts ------- > --- POWER (2) -------- (None) > --- PROPULSION (3) --- Improved Cesium-ion Thruster > --- UTILITY (6) ------ Improved System Shield > --- WEAPON (2) ------- (None) > --- INVENTORY (5) ---- Light Nuclear Core Authchip [R/Combat] Authchip [Power] Authchip [Propulsion] Improved Field Recycling Unit (0) Peak State ------------ > --- POWER ------------ Light Nuclear Core Light Nuclear Core > --- PROPULSION ------- Improved Cesium-ion Thruster Improved Cesium-ion Thruster Improved Cesium-ion Thruster > --- UTILITY ---------- Advanced Weight Redist. System Improved Sensor Array Improved Signal Interpreter Improved Targeting Computer Reaction Control System System Shield > --- WEAPON ----------- Particle Cannon Missile Launcher > --- INVENTORY -------- Improved Field Recycling Unit Arc Projector Arc Projector Precision Assault Rifle Flak Cannon [Rating: 45] Favorites ----------- Power Light Ion Engine Engine Light Ion Engine Power Core Light Nuclear Core Propulsion Hover Unit Treads Light Treads Leg Aluminum Leg Wheel Compact Wheel Hover Unit Hover Unit Flight Unit Improved Cesium-ion Thruster Utility Seismic Detector Device Seismic Detector Storage High-capacity Storage Unit Processor Targeting Computer Hackware System Shield Protection Light Armor Plating Weapon Medium Laser Energy Gun Medium Laser Energy Cannon Improved EM Pulse Cannon Ballistic Gun Heavy Battle Rifle Launcher Missile Launcher Special Weapon Mining Laser Special Melee Weapon Datajack Build | -11 -10 -10 -8 -7 -7 ------- Run | Yrd Mat Sub Mat Fac DSF Slots Evolved 6 | . . . 4 2 . Power 1 | . . . . 1 . Propulsion 1 | . . . 1 . . Utility 4 | . . . 3 1 . Weapon . | . . . . . . Parts Attached 77 | 10 15 2 44 2 4 Power 8 | 1 1 1 3 1 1 Engine 6 | 1 1 1 2 . 1 Core 2 | . . . 1 1 . Reactor . | . . . . . . Propulsion 20 | 4 3 . 13 . . Treads 2 | . . . 2 . . Leg 2 | 2 . . . . . Wheel 4 | 2 1 . 1 . . Hover 3 | . 2 . 1 . . Flight 9 | . . . 9 . . Utility 27 | 3 2 . 19 1 2 Device 16 | 2 1 . 12 1 . Storage 3 | 1 1 . 1 . . Processor 4 | . . . 4 . . Hackware 3 | . . . 1 . 2 Protection 1 | . . . 1 . . Artifact . | . . . . . . Weapon 22 | 2 9 1 9 . 1 Energy Gun 6 | 1 5 . . . . Energy Cannon 4 | . . . 3 . 1 Ballistic Gun 1 | . . 1 . . . Ballistic Cannon . | . . . . . . Launcher 4 | . . . 4 . . Special Weapon 3 | 1 2 . . . . Impact Weapon . | . . . . . . Slashing Weapon . | . . . . . . Piercing Weapon . | . . . . . . Special Melee Weapon 4 | . 2 . 2 . . Unidentified Prototypes 2 | . . . 2 . . Parts Lost 28 | . . . 16 . 12 Power 5 | . . . 2 . 3 Propulsion 5 | . . . 4 . 1 Utility 13 | . . . 7 . 6 Weapon 5 | . . . 3 . 2 Highest Loss Streak 9 | . . . 9 . 7 To Critical Strikes . | . . . . . . Average Slot Usage (%) 92 | . 100 100 80 100 68 Engine 10 | . 14 14 5 . 1 Core 1 | . . . 2 15 7 Wheel 9 | . 17 . 1 . . Hover 9 | . 10 28 4 . . Flight 5 | . . . 13 23 21 Device 20 | . 22 28 17 23 10 Storage 2 | . 5 . . . . Processor 5 | . . . 13 15 13 Energy Gun 10 | . 21 . . . . Energy Cannon 1 | . . . 4 7 6 Ballistic Gun 1 | . . 13 1 . . Launcher 1 | . . . 5 7 4 Special Melee Weapon 5 | . 5 14 5 . . Naked Turns . | . . . . . . Heaviest Build 48 | 11 48 12 29 22 23 Greatest Support 40 | 26 26 12 40 27 27 Greatest Overweight (x) 4 | . 1 . 4 . 2 Average Overweight (x) . | . . . . . . Largest Inventory Capacity 20 | 8 20 5 8 5 5 Average Capacity 7 | 5 10 5 5 5 5 Most Carried 14 | . 14 5 5 3 5 Average Carried 4 | . 6 4 2 2 2 Final Capacity 5 | 5 5 5 5 5 5 Final Carried 5 | . 5 4 3 3 5 Class Distribution -------------------- 66% | Mutant 19% | Sprinter 13% | Scavenger-Mutant Dominant Class ---------------- Mutant | -10/Materials Mutant | -10/Subcaves Sprinter | -8/Materials Sprinter | -7/Factory Sprinter | -7/DSF Resources | -11 -10 -10 -8 -7 -7 ----------- Run | Yrd Mat Sub Mat Fac DSF Matter Collected 1223 | 300 130 40 546 . 207 Remotely . | . . . . . . Salvage Created 1683 | 216 232 . 899 . 336 Parts 113 | 14 12 . 65 . 22 Haulers Intercepted 4 | . 2 . 2 . . Recyclers Shooed 1 | . . . 1 . . Parts Field Recycled . | . . . . . . Retrieved Matter . | . . . . . . Parts Self-Destructed 6 | . . 6 . . . Prevented . | . . . . . . Kills | -11 -10 -10 -8 -7 -7 ------- Run | Yrd Mat Sub Mat Fac DSF Combat Hostiles Destroyed 33 | . 2 . 25 . 6 Guns 2 | . 2 . . . . Cannons 7 | . . . 4 . 3 AOE 24 | . . . 21 . 3 Classes Destroyed 12 | 3 4 . 3 . 2 Worker 9 | 2 . . 7 . . Builder 3 | . 1 . 2 . . Tunneler 6 | 5 . . 1 . . Hauler 4 | . 2 . 2 . . Recycler 3 | 1 . . 2 . . Watcher 5 | . 2 . 3 . . Swarmer 8 | . . . 7 . 1 Grunt 16 | . 2 . 12 . 2 Sentry 3 | . . . 3 . . Specialist 2 | . . . . . 2 Hunter 3 | . . . 3 . . Heavy 1 | . . . . . 1 Best Kill Streak 16 | 3 4 . 16 . 2 Combat Bots Only 12 | . 2 . 12 . 2 Max Kills in Single Turn 4 | 1 1 . 4 . 2 Gunslinging . | . . . . . . Exploded 3 | . . . 3 . 2 Melee . | . . . . . . Uniques/NPCs Destroyed . | . . . . . . Combat | -11 -10 -10 -8 -7 -7 -------- Run | Yrd Mat Sub Mat Fac DSF Hostile Shots Fired 311 | . 12 2 183 . 114 Missed 119 | . 3 1 68 . 47 Damage Taken 3203 | . 122 60 1609 . 1412 Core 1235 | . 22 60 449 . 704 Absorbed by Shields . | . . . . . . Core Remaining (%) 61 | 100 . 67 18 . . Volleys Fired 156 | 34 39 . 49 . 34 Largest 2 | 1 2 . 2 . 2 Hottest 150 | 50 150 . 138 . 111 Shots Fired 199 | 34 64 . 60 . 41 Gun 95 | 34 56 . 5 . . Cannon 59 | . . . 25 . 34 Launcher 37 | . . . 30 . 7 Special 8 | . 8 . . . . Kinetic 14 | . . . 14 . . Thermal 132 | 34 64 . . . 34 Explosive 28 | . . . 21 . 7 Electromagnetic 25 | . . . 25 . . Robot Hit Streak 15 | 8 6 . 6 . 15 Robot Miss Streak 7 | 2 5 . 6 . 7 Penetration Max . | . . . . . . Secondary Targets . | . . . . . . Shots Hit Robots 120 | 25 38 2 29 . 26 Core Hits 106 | 9 12 . 68 . 17 Critical Kills . | . . . . . . Critical Parts Destroyed . | . . . . . . Critical Strikes 5 | 1 4 . . . . Burn 5 | 1 4 . . . . Melee Attacks 15 | . 11 2 2 . . Impact . | . . . . . . Slashing . | . . . . . . Piercing . | . . . . . . Sneak Attacks 12 | . 9 2 1 . . Combat Hostiles . | . . . . . . Follow-up Attacks . | . . . . . . Damage Inflicted 5497 | 306 351 . 3729 . 1111 Guns 693 | 306 351 . 36 . . Cannons 925 | . . . 397 . 528 Explosions 3874 | . . . 3291 . 583 Melee . | . . . . . . Ramming 5 | . . . 5 . . Kinetic 1462 | . . . 1462 . . Thermal 1587 | 306 351 . 402 . 528 Explosive 2046 | . . . 1463 . 583 Electromagnetic 397 | . . . 397 . . Impact . | . . . . . . Slashing . | . . . . . . Piercing . | . . . . . . Highest Corruption 1 | . 1 1 1 . 1 Average Corruption 1 | . 1 1 1 . 1 Corruption Purged . | . . . . . . Corruption Blocked . | . . . . . . Effects 6 | . 3 . 2 . 1 Message Errors 3 | . 1 . 1 . 1 Matter Fused 1 | . . . 1 . . Heat Flow Errors 1 | . 1 . . . . Energy Discharges 1 | . 1 . . . . Overload Shots . | . . . . . . Overflow Damage 86 | . . . 86 . . Projectiles . | . . . . . . Explosions 86 | . . . 86 . . Melee . | . . . . . . Knockbacks . | . . . . . . Impact . | . . . . . . Kinetic . | . . . . . . Secondary . | . . . . . . Self-Inflicted Damage 70 | . . . 44 . 26 Shots 3 | . . . 2 . 1 Rammed 3 | . . . 3 . . Targets Rammed 3 | . . . 3 . . Kicked . | . . . . . . Crushed . | . . . . . . Highest Temperature 231 | 80 231 . 173 . 30 Average Temperature 51 | 24 68 . 48 . 12 Received Heat Transfer 762 | . 69 . 666 . 27 Siege Activations . | . . . . . . Robots Corrupted . | . . . . . . Combat Hostiles . | . . . . . . Parts Fried 3 | . . . 3 . . Impact Corruptions . | . . . . . . Robots Melted 1 | . 1 . . . . Combat Hostiles . | . . . . . . Parts Melted 5 | 3 2 . . . . Heat Transferred 3495 | 999 1332 . 350 . 814 Parts Sabotaged . | . . . . . . Parts Stolen . | . . . . . . Parts Stripped . | . . . . . . Power Chain Reactions . | . . . . . . Alert | -11 -10 -10 -8 -7 -7 ------- Run | Yrd Mat Sub Mat Fac DSF Peak Influence 857 | 40 80 . 857 322 369 Initial 322 | . 26 . . 322 228 Average 200 | 17 47 . 479 322 313 Maximum Alert Level 3 | . . . 3 1 1 Low Security (%) 66 | 100 100 . 18 . . Level 1 12 | . . . 12 100 100 Level 2 13 | . . . 42 . . Level 3 7 | . . . 26 . . Level 4 . | . . . . . . Level 5 . | . . . . . . High Security . | . . . . . . Max Security . | . . . . . . Squads Dispatched 11 | . 1 . 8 . 2 Investigation 5 | . . . 5 . . Extermination . | . . . . . . Reinforcement 6 | . 1 . 3 . 2 Assault . | . . . . . . Garrison . | . . . . . . Intercept . | . . . . . . Searches Triggered . | . . . . . . Construction Impeded 1 | . . . 1 . . Haulers Reinforced . | . . . . . . Active Scanning Responses . | . . . . . . Cargo Convoy Interrupts . | . . . . . . Stealth | -11 -10 -10 -8 -7 -7 --------- Run | Yrd Mat Sub Mat Fac DSF Distress Signals 5 | . 2 . 2 . 1 Communications Jammed . | . . . . . . Distress Signals . | . . . . . . Times Spotted 93 | . 16 12 52 . 13 Peak Tracking Total 10 | . 5 10 9 . 5 Tactical Retreats 17 | . 4 2 10 . 1 Traps | -11 -10 -10 -8 -7 -7 ------- Run | Yrd Mat Sub Mat Fac DSF Traps Triggered 1 | . . . 1 . . Indirectly . | . . . . . . Trap Hack Attempts 27 | . . . 27 . . Triggered . | . . . . . . Disarmed 3 | . . . 3 . . Reprogrammed . | . . . . . . Reused . | . . . . . . Traps Extracted . | . . . . . . Installed . | . . . . . . Triggered 1 | . . . 1 . . Machines | -11 -10 -10 -8 -7 -7 ---------- Run | Yrd Mat Sub Mat Fac DSF Machines Disabled 8 | . 2 . 5 . 1 Max in Single Turn 2 | . 1 . 2 . 1 Machines Repaired . | . . . . . . Machines Dismantled . | . . . . . . Machines Sabotaged . | . . . . . . Overloaded Fab Kills . | . . . . . . Hacking | -11 -10 -10 -8 -7 -7 --------- Run | Yrd Mat Sub Mat Fac DSF Machines Accessed 15 | . 7 . 7 1 . Terminals 12 | . 5 . 6 1 . Fabricators . | . . . . . . Repair Stations . | . . . . . . Recycling Units 2 | . 2 . . . . Scanalyzers 1 | . . . 1 . . Garrison Access . | . . . . . . Total Hacks 68 | . 20 . 47 1 . Successful 42 | . 11 . 30 1 . Failed 26 | . 9 . 17 . . Catastrophic 5 | . 3 . 2 . . Database Lockouts . | . . . . . . Manual 27 | . 13 . 14 . . Terminals 39 | . 18 . 20 1 . Fabricators . | . . . . . . Repair Stations . | . . . . . . Recycling Units 2 | . 2 . . . . Scanalyzers 27 | . . . 27 . . Garrison Access . | . . . . . . Terminal Hacks 16 | . 7 . 8 1 . Record 3 | . 3 . . . . Robot Analysis 1 | . 1 . . . . Prototype ID Bank 2 | . 2 . . . . Open DSF 1 | . . . . 1 . Emergency Access Points 1 | . . . 1 . . Alert Level 2 | . . . 2 . . Unreport Threat 1 | . . . 1 . . Locate Traps 1 | . . . 1 . . Transport Status 1 | . 1 . . . . Zone Layout 3 | . . . 3 . . Fabricator Hacks . | . . . . . . Repair Station Hacks . | . . . . . . Recycling Unit Hacks 2 | . 2 . . . . Retrieve Components 2 | . 2 . . . . Scanalyzer 22 | . . . 22 . . Insert Component 11 | . . . 11 . . Analyze 11 | . . . 11 . . Garrison Access Hacks . | . . . . . . Unauthorized Hacks 2 | . 2 . . . . Terminals 2 | . 2 . . . . Assimilate 2 | . 2 . . . . Fabricators . | . . . . . . Repair Stations . | . . . . . . Recycling Units . | . . . . . . Scanalyzers . | . . . . . . Garrison Access . | . . . . . . Data Cores Recovered . | . . . . . . Used . | . . . . . . Hacking Detections 12 | . 5 . 7 . . Full Trace Events 7 | . 3 . 4 . . Feedback Events 2 | . 1 . 1 . . Corruption 2 | . 1 . 1 . . Feedback Blocked . | . . . . . . Robot Schematics Acquired . | . . . . . . Robots Built . | . . . . . . Authchips . | . . . . . . Time . | . . . . . . Total Robot Build Rating . | . . . . . . Part Schematics Acquired 11 | . . . 11 . . Parts Built . | . . . . . . Authchips . | . . . . . . Time . | . . . . . . Total Part Build Rating . | . . . . . . Parts Repaired . | . . . . . . Time . | . . . . . . Parts Recycled . | . . . . . . Recycled Matter . | . . . . . . Retrieved Matter . | . . . . . . Retrieved Components 11 | . 11 . . . . Parts Scanalyzed 11 | . . . 11 . . Part Schematics Acquired 11 | . . . 11 . . Parts Damaged . | . . . . . . Bothacking | -11 -10 -10 -8 -7 -7 ------------ Run | Yrd Mat Sub Mat Fac DSF Used RIF Installer . | . . . . . . Robots Hacked 6 | . 4 1 1 . . Non-combat 5 | . 4 1 . . . Combat 1 | . . . 1 . . Robot Hacks Applied 10 | . 8 1 1 . . parse_system 5 | . 3 1 1 . . no_distress 4 | . 4 . . . . check_alert 1 | . 1 . . . . Relay Couplers Released . | . . . . . . Fabnet Peak Effective % . | . . . . . . Robots Rewired . | . . . . . . Allies Hacked . | . . . . . . Hacks Repelled . | . . . . . . Allies | -11 -10 -10 -8 -7 -7 -------- Run | Yrd Mat Sub Mat Fac DSF Total Allies . | . . . . . . Largest Group . | . . . . . . Highest-Rated Group . | . . . . . . Highest-Rated Ally . | . . . . . . Total Orders . | . . . . . . Ally Attacks . | . . . . . . Total Damage . | . . . . . . Kills . | . . . . . . Allies Corrupted . | . . . . . . Allies Melted . | . . . . . . Intel | -11 -10 -10 -8 -7 -7 ------- Run | Yrd Mat Sub Mat Fac DSF Robot Analysis Total 1 | . 1 . . . . Derelict Logs Recovered . | . . . . . . Drone Launches . | . . . . . . Drone Recoveries . | . . . . . . Exploration | -11 -10 -10 -8 -7 -7 ------------- Run | Yrd Mat Sub Mat Fac DSF Turns Passed 2721 | 183 1312 264 750 28 184 Spaces Moved 2522 | 104 827 402 844 81 264 Core 7 | 5 . . 2 . . Treads 25 | . . . 25 . . Legs 25 | 25 . . . . . Wheels 577 | 74 426 . 77 . . Hover 960 | . 401 402 157 . . Flight 928 | . . . 583 81 264 Fastest Speed 29 | 50 56 56 29 29 29 Average Speed 58 | 95 77 56 46 29 31 Slowest Speed 250 | 120 105 56 250 29 165 Overloaded Moves . | . . . . . . Propulsion Burnouts . | . . . . . . Robots Hopped . | . . . . . . Cave-ins Triggered . | . . . . . . Exploration Rate (%) 43 | 5 86 27 44 4 93 Regions Visited 5 Branch Regions 1 Pre-discovered Areas . | . . . . . . Known Exits Taken 2 | . . . 1 1 . Unknown Exits Taken 3 | 1 1 1 . . . Scrap Searched 5 | . . 5 . . . Spaces Dug 5 | . 5 . . . . Terrain Destroyed 327 | . 5 . 288 . 34 Melee . | . . . . . . Projectile 6 | . 5 . 1 . . AOE 321 | . . . 287 . 34 Terrain Rammed . | . . . . . . Walls Destroyed . | . . . . . . Machines Disabled . | . . . . . . Actions | -11 -10 -10 -8 -7 -7 --------- Run | Yrd Mat Sub Mat Fac DSF Total 3542 | 150 1410 440 1134 84 324 Wait 647 | . 489 28 121 . 9 Move 2517 | 103 826 401 843 80 264 Hop . | . . . . . . Pick Up 39 | . 15 2 13 2 7 Fast Attach 53 | 10 4 2 33 . 4 Attach 15 | . 3 . 10 2 . Detach 6 | . 1 . 5 . . Swap 9 | . 8 . 1 . . Drop 55 | 3 14 5 27 . 6 Fire 156 | 34 39 . 49 . 34 Melee 15 | . 11 2 2 . . Ram 3 | . . . 3 . . Kick . | . . . . . . Crush . | . . . . . . Escape Stasis . | . . . . . . Rewire . | . . . . . . Trap 27 | . . . 27 . . Miscellaneous . | . . . . . . Route ------- -11/Scrapyard -10/Materials (discovered 5 exits: [*Mat x3] / [*Min] / [*Sub]) -10/Subcaves (discovered 2 exits: *Mat x2) -8/Materials -7/Factory -7/DSF (discovered 1 exit: *Fac) History --------- Turn | Location | Event 5 | -11/Scrapyard | Discovered new exit (range 15) 184 | -11/Scrapyard | Entered Materials 200 | -10/Materials | Discovered new exit (range 16) 330 | -10/Materials | Discovered new exit (range 8) 612 | -10/Materials | Build established: Mutant 796 | -10/Materials | Discovered new exit (range 13) 1265 | -10/Materials | Discovered new exit (range 7) 1468 | -10/Materials | Discovered new exit (range 10) 1496 | -10/Materials | Entered Subcaves 1501 | -10/Subcaves | Discovered new exit (range 11) 1592 | -10/Subcaves | Ambushed by swarm of Subdwellers 1592 | -10/Subcaves | Ambushed by Subdwellers from Twisted Machinery 1592 | -10/Subcaves | Ambushed by Subdwellers from Twisted Machinery 1592 | -10/Subcaves | Ambushed by Subdwellers from Twisted Machinery 1592 | -10/Subcaves | Ambushed by Subdwellers from Twisted Machinery 1598 | -10/Subcaves | Disturbed a concealed Subdweller 1717 | -10/Subcaves | Discovered new exit (range 14) 1760 | -10/Subcaves | Entered Materials 1760 | -8/Materials | Evolved 4 slots: Propulsion x1, Utility x3 1949 | -8/Materials | Lost 5 parts (3n1u1w) 1955 | -8/Materials | Destroyed 12 combat bots 2130 | -8/Materials | Core integrity fell below 50% 2167 | -8/Materials | Lost 9 parts (2p1n4u2w) 2428 | -8/Materials | Discovered new exit (range 16) 2491 | -8/Materials | Build established: Sprinter 2507 | -8/Materials | Identified exit to Factory 2510 | -8/Materials | Core integrity fell below 20% 2510 | -8/Materials | Entered Factory 2510 | -7/Factory | Evolved 2 slots: Power x1, Utility x1 2538 | -7/Factory | Identified exit to DSF 2538 | -7/Factory | Entered DSF 2557 | -7/DSF | Additional patrols routed to DSF 2557 | -7/DSF | Discovered new exit (range 16) 2561 | -7/DSF | Identified exit to Factory 2682 | -7/DSF | Core integrity fell below 50% 2688 | -7/DSF | Lost 7 parts (2p4u1w) 2709 | -7/DSF | Core integrity fell below 20% 2722 | -7/DSF | Destroyed by C-17 Slicer with Blade Saw Last Messages --------------- A-02 Transporter destroyed. C-17 Slicer knocked back. C-17 Slicer destroyed. Imp. Signal Interpreter destroyed. System corrupted by crushing effect (+1). Knocked back. S-27 Virus knocked back. The unstable cave ceiling collapses. Lgt. Treads crushed. Imp. Cesium-ion Thruster severed. Hvy. Particle Cannon destroyed. Imp. Cesium-ion Thruster destroyed. Imp. Targeting Computer destroyed. Acquired Imp. System Shield. Rnf. Deuterium Engine destroyed. :XJ&R<2FGBUWPQXM/5 YRQPH%NGBJFIR9 =0L Dropped Imp. System Shield. Acquired Imp. System Shield. Acquired Lgt. Nuclear Core. Imp. System Shield severed. Map ----- +----------------------------------------------------+ | | | | | ????????????????????????????????????? | | ????????????????????????????????????? | | ????????????????????????????????????? | | ?????????????????????????##?????????? | | ????????????????????????#""?????????? | | ????????????????????????#"#?????????? | | ???????????????????????##"####??????? | | ???????????????#???###?#"""""#??????? | | ???????#]] # # ##"""""#??????? | | ???????# ""##"#???? | | ???????# """""#???? | | ?????????# ### #!!## ""###????? | | ????????## ### ??#!!?## ###??????? | | ????????!! ????###### ##???????? | | ?????????! ???????# !#???????? | | ?????????! ????????# !#???????? | | ???????### ###??????### ##???????? | | ???????#== !!#??????#!! #???????? | | ???????#== !!#??????#!! #???????? | | ???????#== !!???????#!! #???????? | | ########## ############ ###??????? | | !!!#!!!##! # ## [[#??????? | | !!!" ##% % # ## [[#??????? | | = ! c@ #??????? | | = = c%! #??????? | | !=%s * = #??????? | | "[[[# * [ # ## #??????? | | #[[[## # ! !# ## #??????? | | ########## ############ ###??????? | | #???????!! !!???????#[ ]#???????? | | #??????#!! !!#??????#[][] #???????? | | #??????#!! !!#??????#[[ []#???????? | | #??????### ###??????### [##???????? | | #??????#== ]]#??????#[[ [#???????? | | #??????#== ]]#??????#[[ [#???????? | | ########==^^ ]]########## ##???????? | | #!!# ### ###]]]#[[### ###??????? | | #!!# ### ###]]]#[[## ""###????? | | """""????? | | ""##"????? | | #!!#!!!#== !!# #[[##"""""#??????? | | ########== !!#########"""""#??????? | | ???????#########???????##"####??????? | | ????????????????????????#"#?????????? | | ????????????????????????#""?????????? | | ????????????????????????????????????? | | ????????????????????????????????????? | | ????????????????????????????????????? | +----------------------------------------------------+ Best States ------------- Heat Dissipation 45 Energy Generation 23 Energy Capacity 290 Matter Stores 300 Matter Capacity 300 Sight Range 21 Robot Scan Range 15 Terrain Scan Range 16 Terrain Scan Density 10 ECM Strength 1 Additional Mass Support 9 Armor Coverage 150 Evasion (%) 72 Targeting Accuracy 6 Recoil Reduction 2 Energy Filtering 45 Defensive Hacking 12 Authchip Count 3 Item Schematics ----------------- Imp. Cesium-ion Thruster | -8/Materials | Scanalyzed Adv. Beam Rifle | -8/Materials | Scanalyzed Adv. Weight Redist. System | -8/Materials | Scanalyzed Lgt. Nuclear Core | -8/Materials | Scanalyzed Missile Launcher | -8/Materials | Scanalyzed Imp. Heat Sink | -8/Materials | Scanalyzed Reaction Control System | -8/Materials | Scanalyzed Imp. Sensor Array | -8/Materials | Scanalyzed Flak Cannon | -8/Materials | Scanalyzed Particle Charger | -8/Materials | Scanalyzed Hcp. Storage Unit | -8/Materials | Scanalyzed Robot Schematics ------------------ None Fabricated ------------ Nothing Alien Tech Used ----------------- None Achievements -------------- Everything Is Under Control Party Time Safety First Slippery One True Hacker Universal Adapter root@ Challenges ------------ None Game ------ Seed ExperimentalScanFacilitator Manual? 0 Play Time 02:02:28 Cumulative 9.3 hours Start 2024.04.14 @ 20:55:21 End 2024.04.14 @ 23:21:41 Sessions 1 Manual Loads 0 Difficulty Rogue Special Mode None Game No. 7 Rogue 7 Adventurer 0 Explorer 0 Win Type - Total 0 Types 0/0/0/0/0/0/0/0/0 Lore% 12 Gallery% 13 Achievement% 14 Wizard Run 0 Options --------- Layout 1 ASCII 0 Keyboard 0 Movement Mouse Keybinds 0 Fullscreen 2 Font 32/SmallcapsGlow Map View 50x35 Zoom Use 0% Tactical HUD 0 Map Filters NONE Filters NONE Steam 1 RUN: 8fcd132e-ad0a-457a-a01d-75d52a74da33